 Dungeon Crawl Stone Soup version 0.31-a0-4-gefa6de2278 (webtiles) character file.

Game seed: 1801513648868701371

1904 lunkers the Zephyrmancer (level 9, 0/62 HPs)
             Began as a Meteoran Air Elementalist on May 4, 2023.
             Was a Priest of Vehumet.
             Slain by Joseph
             ... wielding a +3 heavy quarterstaff
              (28 damage)
             ... on level 7 of the Dungeon.
             The game lasted 00:17:59 (2837 turns).

lunkers the Zephyrmancer (MeAE)                     Turns: 2837, Time: 00:17:59

Health: 0/62       AC:  7    Str: 10    XL:     9   Next: 65%
Magic:  13/21      EV: 12    Int: 27    God:    Vehumet [***...]
Gold:   323        SH:  0    Dex: 15    Spells: 12/22 levels left

rFire   + . .        e - staff of air
rCold   . . .        (no shield)
rNeg    . . .        m - +2 robe {rF+}
rPois   .            f - +0 helmet
rElec   +            (no cloak)
rCorr   .            (no gloves)
SInv    .            p - +1 pair of boots
Will    +....        (no amulet)
Stlth   +            t - +6 ring of intelligence
HPRegen 0.30/turn    (no ring)
MPRegen 0.17/turn

%: no passive effects
@: glowing
A: sense surroundings 2, otherworldly, glowing, explore regen
a: Renounce Religion


You were on level 7 of the Dungeon.
You worshipped Vehumet.
Vehumet was most pleased with you.
You visited 2 branches of the dungeon, and saw 8 of its levels.
You also visited: Sewer.

You collected 323 gold pieces.

Inventory:

Hand Weapons
 i - a +2 sling of flaming
 r - a +2 dagger of protection
 w - a +1 scimitar of flaming
Missiles
 n - a throwing net
Armour
 a - a +2 ring mail of fire resistance
 f - a +0 helmet (worn)
 m - a +2 robe of fire resistance (worn)
 p - a +1 pair of boots (worn)
 x - +0 steam dragon scales
Magical Staves
 e - a staff of air (weapon)
Jewellery
 t - a +6 ring of intelligence (left hand)
Wands
 v - a wand of roots (9)
Scrolls
 c - a scroll of identify
 d - a scroll of fog
 j - a scroll of enchant armour
 l - a scroll of blinking
 q - a scroll of teleportation
Potions
 b - a potion of magic
 g - a potion of berserk rage
 h - 2 potions of ambrosia
 k - 2 potions of attraction
 o - 2 potions of brilliance
 s - a potion of mutation
 u - a potion of curing


   Skills:
 - Level 2.4 Dodging
 - Level 1.4 Stealth
 + Level 7.4 Spellcasting
 + Level 7.0 Conjurations
 * Level 10.4 Air Magic


You had 12 spell levels left.
You knew the following spells:

 Your Spells              Type           Power      Damage    Failure   Level
a - Shock                 Conj/Air       100%       1d9       1%          1
b - Static Discharge      Conj/Air       100%       2-7/arc   1%          2
c - Swiftness             Air            79%        N/A       1%          3
d - Airstrike             Air            39%        2d(6-22)  1%          4

Your spell library contained the following spells:

 Spells                   Type           Power      Damage    Failure   Level
 Poisonous Vapours        Pois/Air       100%       N/A       1%          2
 Slow                     Hex            40%        N/A       5%          1
 Confusing Touch          Hex            10%        N/A       17%         3
 Vampiric Draining        Necr           10%        2d6       17%         3


Dungeon Overview and Level Annotations

Branches:
Dungeon (7/15) Zot: 1651   Temple (1/1) D:4 Zot: 525   Sewer (visited)

Altars:
Ashenzari
Cheibriados
Dithmenos
Elyvilon
Fedhas
Gozag
Hepliaklqana
Kikubaaqudgha
Makhleb
Nemelex Xobeh
Okawaru
Qazlal
Ru
Sif Muna
Trog
Uskayaw
Vehumet
Wu Jian
Xom
Yredelemnul
Zin
The Shining One

Shops:
D:1 !

Annotations:
D:7 Joseph


Innate Abilities, Weirdness & Mutations

You passively map the area around you.
You are easily found by Zot.
You glow in the dark.
You regain HP and MP as you explore.


Message History

Joseph shoots a sling bullet.
The sling bullet misses you.
Joseph unwields a +0 sling.
Joseph wields a +3 heavy quarterstaff.
Joseph hits you with a +3 heavy quarterstaff!!
* * * LOW HITPOINT WARNING * * *
Casting: Static Discharge (safe; 1% risk of failure)
Confirm with . or Enter, or press ? or * to list all spells.
You feel a surge of power!
Joseph is struck by an arc of lightning.
Joseph is lightly wounded.
You resist.
You are struck by an arc of lightning.
* * * LOW HITPOINT WARNING * * *
Joseph is struck by an arc of lightning.
Joseph is lightly wounded.
The lightning grounds out.
Joseph completely misses you.
Unknown command.
Casting: Static Discharge (safe; 1% risk of failure)
Confirm with . or Enter, or press ? or * to list all spells.
You feel a surge of power!
Joseph is struck by an arc of lightning.
Joseph is lightly wounded.
You resist.
You are struck by an arc of lightning.
Joseph is struck by an arc of lightning!
Joseph is moderately wounded.
You resist.
You are struck by an arc of lightning.
Joseph is struck by an arc of lightning!
Joseph is moderately wounded.
The lightning grounds out.
Unknown command.
Unknown command.
Casting: Static Discharge (safe; 1% risk of failure)
Confirm with . or Enter, or press ? or * to list all spells.
You feel a surge of power!
Joseph is struck by an arc of lightning.
Joseph is heavily wounded.
You resist.
You are struck by an arc of lightning.
Joseph is struck by an arc of lightning.
Joseph is heavily wounded.
You resist.
You are struck by an arc of lightning.
Joseph hits you with a +3 heavy quarterstaff!!
You die...

****,** * *
,,,, #.# *
,* , #.# , ,
, , #.# #.#
#.# #.# *
##@### ,
#.@..## *,,
, ,,
#.....### ,
,
#........+,,
, ,,,
#.#...#### ,
, #.##.## *
, #.# ## , ,
* #.##### ,
* #.....#
*#+#*
#####.# #.#


You could see Joseph.

Vanquished Creatures
  Maggie (D:6)
  Sigmund (D:4)
  3 ice beasts
  2 black bears
  An ogre (D:4)
  A gnoll sergeant (D:5)
  A bullfrog (Sewer)
  A scorpion (D:5)
  A crimson imp (D:4)
  5 hounds
  2 orc priests (D:5)
  6 iguanas
  A jelly (D:5)
  A sleepcap (D:5)
  Natasha (twice) (D:3)
  Robin (D:4)
  6 adders
  3 gnolls
  A river rat (D:4)
  A shadow imp (D:6)
  A white imp (D:5)
  A dart slug (D:1)
  4 orcs
  5 endoplasms
  11 giant cockroaches
  9 goblins
  12 hobgoblins
  3 jackals (D:1)
  2 kobolds (D:4)
  8 quokkas (Sewer)
  16 ball pythons
  2 bats
  10 frilled lizards
  A goblin skeleton (D:4)
  2 hobgoblin zombies (D:4)
  2 orc skeletons (D:4)
  3 orc zombies (D:4)
  6 rats
139 creatures vanquished.

Notes
Turn   | Place    | Note
-------+----------+-------------------------------------------
     0 | D:1      | lunkers the Meteoran Air Elementalist began the quest for
                  | the Orb.
     0 | D:1      | Reached XP level 1. HP: 14/14 MP: 5/5
   149 | D:1      | Found Ostec's Distillery.
   153 | D:1      | Reached XP level 2. HP: 20/20 MP: 2/6
   157 | D:1      | Reached skill level 4 in Air Magic
   176 | D:1      | Learned a level 2 spell: Static Discharge
   249 | D:1      | Reached XP level 3. HP: 26/26 MP: 4/8
   890 | D:3      | Noticed Natasha
   896 | D:3      | Killed Natasha
   897 | D:3      | Reached XP level 4. HP: 23/33 MP: 5/10
   926 | D:3      | Reached skill level 5 in Air Magic
   969 | D:3      | Noticed Natasha
   989 | D:3      | Killed Natasha
   990 | D:3      | Reached XP level 5. HP: 17/38 MP: 3/11
  1046 | D:4      | Noticed a black bear
  1054 | D:4      | Killed a black bear
  1055 | D:4      | Reached XP level 6. HP: 45/45 MP: 3/13
  1082 | D:4      | Reached skill level 6 in Air Magic
  1082 | D:4      | Found a staircase to the Ecumenical Temple.
  1100 | Temple   | Entered the Ecumenical Temple
  1151 | Temple   | Learned a level 3 spell: Swiftness
  1156 | Temple   | Learned a level 4 spell: Airstrike
  1162 | Temple   | Became a worshipper of Vehumet
  1208 | D:4      | Noticed Robin
  1217 | D:4      | Killed Robin
  1224 | D:4      | Found a glowing golden altar of the Shining One.
  1249 | D:4      | Reached * piety under Vehumet
  1249 | D:4      | Offered knowledge of Foxfire by Vehumet.
  1366 | D:4      | Reached XP level 7. HP: 49/50 MP: 11/14
  1538 | D:4      | Found a glowing drain.
  1561 | Sewer    | Entered a sewer
  1713 | Sewer    | Offered knowledge of Searing Ray by Vehumet.
  1723 | Sewer    | Reached ** piety under Vehumet
  1764 | Sewer    | Reached skill level 5 in Spellcasting
  1764 | Sewer    | Reached skill level 7 in Air Magic
  1801 | D:4      | Noticed Sigmund
  1807 | D:4      | Killed Sigmund
  1808 | D:4      | Reached XP level 8. HP: 53/57 MP: 7/17
  1845 | D:4      | Reached skill level 5 in Conjurations
  1845 | D:4      | Reached skill level 8 in Air Magic
  1968 | D:5      | Entered Level 5 of the Dungeon
  1998 | D:5      | Offered knowledge of Poisonous Vapours by Vehumet.
  2097 | D:5      | Reached skill level 9 in Air Magic
  2098 | D:5      | Gained mutation: You passively map the area around you.
                  | [Meteoran growth]
  2098 | D:5      | Reached XP level 9. HP: 62/62 MP: 8/19
  2379 | D:5      | Found a white marble altar of Elyvilon.
  2380 | D:5      | Found an ornate altar of the Wu Jian Council.
  2635 | D:6      | Noticed Maggie
  2641 | D:6      | Killed Maggie
  2642 | D:6      | Reached skill level 10 in Air Magic
  2654 | D:6      | Reached *** piety under Vehumet
  2827 | D:7      | Noticed Joseph
  2837 | D:7      | Slain by Joseph

Illustrated notes

Levels and vault maps discovered:
D:1:      saegor_arrival_under_anarchy, layout_basic, serial_shops,
          nicolae_shop_rolling_square
D:2:      layout_basic, nicolae_concentric_dashed_squares_mild, feat_on_display
D:3:      layout_basic, dreamdust_ecumenical_altar_angels_and_demons,
          kennysheep_boxes, uniq_natasha
D:4:      layout_loops_corners, nicolae_tso_besieged_by_evil,
          minmay_temple_entry_large_hall, portal_sewer_entry_a,
          minmay_distorted, uniq_sigmund, uniq_robin
D:5:      layout_gridville, jmf_multi_god_temple, hellmonk_bongcloud_opening
D:6:      layout_loops_ring, uniq_blork_the_orc, uniq_menkaure, uniq_maggie
D:7:      layout_loops_corners, enter_bailey_4, uniq_joseph
Temple:   hellmonk_temple_of_storms

Skill      XL: |  1  2  3  4  5  6  7  8  9 |
---------------+----------------------------+-----
Air Magic      | 4 5 6 7 9 10 | 10.4
Spellcasting   | 3 4 5 6 7 |  7.4
Conjurations   | 2 3 4 5 7 |  7.0
Dodging        | |  2.4
Stealth        | |  1.4

Action                     |  1- 3 |  4- 6 |  7- 9 || total
---------------------------+-------+-------+-------++-------
  Melee: Unarmed           |    12 |       |       ||    12
         Dagger            |     3 |       |       ||     3
         Staff             |     1 |    33 |    51 ||    85
         Punch             |       |       |     1 ||     1
   Cast: Shock             |    38 |     8 |     1 ||    47
         Static Discharge  |     4 |    23 |    71 ||    98
         Airstrike         |       |     1 |    28 ||    29
    Use: Scroll            |       |     6 |    10 ||    16
 Armour: Robe              |     8 |    19 |    61 ||    88
  Dodge: Dodged            |    20 |    35 |   101 ||   156

Table legend: (Time is in decaauts)
 A = Elapsed time spent in this place.
 B = Non-inter-level travel time spent in this place.
 C = Inter-level travel time spent in this place.
 D = Time resting spent in this place.
 E = Time spent auto-exploring this place.
 F = Levels seen in this place.
 G = Mean time per level.
                   A        B        C        D        E       F      G
               +--------+--------+--------+--------+--------+-----+--------+
         Total |   2912 |   2705 |    207 |      0 |   1516 |   9 |  323.6 |
       Dungeon |   2547 |   2343 |    204 |      0 |   1492 |   7 |  363.9 |
        Temple |     74 |     71 |      3 |      0 |     18 |   1 |   74.0 |
         Sewer |    290 |    290 |      0 |      0 |      6 |   1 |  290.0 |
               +--------+--------+--------+--------+--------+-----+--------+

Top non-repeatable levels by time:
     D:4: 690 daAuts
     D:5: 630 daAuts
     D:1: 481 daAuts
     D:2: 330 daAuts
   Sewer: 290 daAuts
     D:3: 190 daAuts
     D:6: 180 daAuts
  Temple: 74 daAuts
     D:7: 43 daAuts
